[ AOE2 MATCH · #514026945 ]
UnrankedTupi vs Chinese
Player's team · LOSS
Rival team · WIN
[ REPLAY ANALYSIS · EXTRACTED FROM THE RECORDED GAME ]
Feudal
8:50
Castle
21:37
Imperial
—
| APM avg | 81.6 |
| APM peak | 126 |
| eAPM avg | 39.5 |
| Villagers / military | 95 / 50 |
Focus
⚔️ 59.5% · 🌾 40.5%
Unknown (2550) ×61 · Monk ×16 · Spearman ×15 · Skirmisher ×11 · Unknown (2582) ×6 · Battering Ram ×5
Feudal
8:48
Castle
22:28
Imperial
—
| APM avg | 86.2 |
| APM peak | 132 |
| eAPM avg | 53.4 |
| Villagers / military | 126 / 114 |
Focus
⚔️ 66.3% · 🌾 33.7%
Chu Ko Nu ×30 · Scout Cavalry ×24 · Knight ×22 · Monk ×14 · Skirmisher ×12 · Archer ×6
Match map
Initial resources + every placement click. Lines = walls · curves = elevation contours. ◆ gold · ⬟ stone · ● berries · ✦ relic · ◌ wall gap
Your base· Open — unwalled flank
TAG_Sitaux's base· Open — 2t gap
Smoothed initial terrain · ◌ = detected wall gap · hover for details
Inputs per minute
— wR.ACCM - - TAG_Sitaux
Build order — wR.ACCM
First 150 of 353 actions detected
| 0:00 | Queue | Villager (Male) |
| 0:00 | Queue | Villager (Male) |
| 0:01 | Build | House |
| 0:02 | Build | House |
| 0:10 | Queue | Villager (Male) |
| 0:10 | Queue | Villager (Male) |
| 0:11 | Queue | Villager (Male) |
| 1:10 | Queue | Villager (Male) |
| 1:29 | Queue | Villager (Male) |
| 1:29 | Queue | Villager (Male) |
| 1:59 | Queue | Villager (Male) |
| 2:00 | Queue | Villager (Male) |
| 2:43 | Queue | Villager (Male) |
| 2:44 | Queue | Villager (Male) |
| 3:02 | Build | Settlement |
| 3:05 | Queue | Villager (Male) |
| 3:29 | Queue | Villager (Male) |
| 4:18 | Queue | Villager (Male) |
| 4:19 | Queue | Villager (Male) |
| 4:52 | Queue | Villager (Male) |
| 5:26 | Build | Barracks |
| 5:29 | Queue | Villager (Male) |
| 5:31 | Research | Loom |
| 6:38 | Research | Feudal Age |
| 6:52 | Queue | Unit 2550 |
| 6:53 | Queue | Unit 2550 |
| 7:26 | Build | House |
| 7:34 | Queue | Villager (Male) |
| 7:54 | Build | Palisade Wall |
| 7:56 | Build | House |
| 8:07 | Queue | Unit 2550 |
| 8:21 | Queue | Villager (Male) |
| 8:50 | Age | Feudal Age |
| 8:55 | Research | Tech 1402 |
| 8:56 | Research | Double-Bit Axe |
| 8:59 | Build | Archery Range |
| 9:01 | Build | Archery Range |
| 9:14 | Queue | Villager (Male) |
| 9:21 | Build | Settlement |
| 9:41 | Queue | Villager (Male) |
| 9:46 | Build | House |
| 9:54 | Build | House |
| 10:02 | Queue | Skirmisher |
| 10:08 | Build | Farm |
| 10:14 | Build | Palisade Wall |
| 10:15 | Build | Palisade Wall |
| 10:25 | Build | Palisade Wall |
| 10:26 | Build | Palisade Wall |
| 10:29 | Queue | Villager (Male) |
| 10:36 | Build | Palisade Gate |
| 10:37 | Queue | Archer |
| 10:53 | Queue | Archer |
| 10:54 | Queue | Villager (Male) |
| 11:06 | Queue | Villager (Male) |
| 11:14 | Build | Farm |
| 11:28 | Build | Farm |
| 11:29 | Build | Farm |
| 11:30 | Queue | Skirmisher |
| 11:35 | Queue | Villager (Male) |
| 11:47 | Build | Farm |
| 11:58 | Queue | Archer |
| 12:02 | Queue | Villager (Male) |
| 12:05 | Build | Farm |
| 12:25 | Queue | Villager (Male) |
| 12:31 | Queue | Skirmisher |
| 12:53 | Queue | Villager (Male) |
| 12:54 | Build | Blacksmith |
| 13:00 | Queue | Skirmisher |
| 13:11 | Queue | Villager (Male) |
| 13:21 | Queue | Unit 2550 |
| 13:26 | Build | Farm |
| 13:27 | Build | Farm |
| 13:32 | Research | Town Watch |
| 13:46 | Build | House |
| 13:53 | Build | Farm |
| 13:57 | Research | Fletching |
| 14:05 | Queue | Villager (Male) |
| 14:06 | Build | Farm |
| 14:24 | Queue | Villager (Male) |
| 14:25 | Queue | Skirmisher |
| 14:40 | Queue | Skirmisher |
| 14:54 | Build | Farm |
| 14:55 | Queue | Skirmisher |
| 14:56 | Queue | Villager (Male) |
| 15:00 | Build | Watch Tower |
| 15:03 | Queue | Skirmisher |
| 15:14 | Queue | Villager (Male) |
| 15:18 | Research | Padded Archer Armor |
| 15:32 | Queue | Skirmisher |
| 15:44 | Build | Farm |
| 15:51 | Queue | Villager (Male) |
| 16:01 | Queue | Skirmisher |
| 16:06 | Build | Farm |
| 16:24 | Build | Farm |
| 16:26 | Build | Farm |
| 16:30 | Queue | Skirmisher |
| 16:31 | Queue | Villager (Male) |
| 16:52 | Queue | Villager (Male) |
| 17:01 | Build | Market |
| 17:03 | Queue | Villager (Male) |
| 17:27 | Build | Farm |
| 17:38 | Queue | Villager (Male) |
| 17:46 | Build | Farm |
| 18:07 | Build | Farm |
| 18:08 | Queue | Villager (Male) |
| 18:57 | Research | Castle Age |
| 18:57 | Research | Castle Age |
| 19:11 | Queue | Unit 2550 |
| 19:20 | Build | Barracks |
| 19:36 | Research | Scale Mail Armor |
| 19:43 | Queue | Unit 2550 |
| 19:50 | Research | Horse Collar |
| 19:50 | Research | Horse Collar |
| 19:51 | Queue | Villager (Male) |
| 19:55 | Build | Farm |
| 19:55 | Build | Farm |
| 20:13 | Build | Farm |
| 20:15 | Queue | Unit 2550 |
| 20:22 | Build | Farm |
| 20:29 | Queue | Unit 2550 |
| 20:37 | Build | Farm |
| 20:48 | Build | Farm |
| 20:48 | Build | Farm |
| 20:50 | Queue | Unit 2550 |
| 21:12 | Build | Farm |
| 21:18 | Queue | Unit 2550 |
| 21:32 | Build | Settlement |
| 21:37 | Age | Castle Age |
| 21:39 | Research | Tech 1351 |
| 21:40 | Research | Squires |
| 21:45 | Queue | Unit 2550 |
| 21:57 | Queue | Unit 2550 |
| 21:59 | Build | Farm |
| 22:01 | Queue | Villager (Male) |
| 22:05 | Queue | Unit 2550 |
| 22:19 | Build | Farm |
| 22:24 | Queue | Unit 2550 |
| 22:24 | Queue | Villager (Male) |
| 22:29 | Build | Farm |
| 22:30 | Build | Farm |
| 22:31 | Queue | Villager (Male) |
| 22:34 | Queue | Unit 2550 |
| 23:02 | Build | Monastery |
| 23:03 | Queue | Villager (Male) |
| 23:05 | Queue | Unit 2550 |
| 23:09 | Build | House |
| 23:14 | Build | Palisade Wall |
| 23:15 | Build | Palisade Wall |
| 23:18 | Build | House |
| 23:20 | Build | Palisade Wall |
Build order — TAG_Sitaux
First 150 of 404 actions detected
| 0:03 | Research | Loom |
| 0:39 | Queue | Villager (Male) |
| 1:06 | Queue | Villager (Male) |
| 1:30 | Queue | Villager (Male) |
| 1:52 | Build | Lumber Camp |
| 1:55 | Queue | Villager (Male) |
| 2:10 | Queue | Villager (Male) |
| 2:10 | Queue | Villager (Male) |
| 2:28 | Queue | Villager (Male) |
| 2:29 | Queue | Villager (Male) |
| 3:00 | Build | House |
| 3:02 | Queue | Villager (Male) |
| 3:02 | Queue | Villager (Male) |
| 3:30 | Queue | Villager (Male) |
| 3:38 | Build | House |
| 3:48 | Queue | Villager (Male) |
| 3:48 | Queue | Villager (Male) |
| 4:05 | Queue | Villager (Male) |
| 4:05 | Queue | Villager (Male) |
| 4:34 | Queue | Villager (Male) |
| 4:42 | Queue | Villager (Male) |
| 5:06 | Build | Barracks |
| 5:11 | Queue | Villager (Male) |
| 6:01 | Queue | Villager (Male) |
| 6:22 | Build | Mining Camp |
| 6:38 | Research | Feudal Age |
| 6:39 | Research | Feudal Age |
| 6:52 | Queue | Militia |
| 6:53 | Queue | Militia |
| 7:14 | Build | Mill |
| 7:15 | Queue | Militia |
| 7:15 | Queue | Militia |
| 7:24 | Build | House |
| 7:26 | Build | Palisade Wall |
| 7:34 | Build | Palisade Wall |
| 7:40 | Queue | Militia |
| 7:54 | Build | Palisade Wall |
| 7:55 | Build | Palisade Wall |
| 8:15 | Queue | Villager (Male) |
| 8:27 | Build | Palisade Wall |
| 8:33 | Build | Palisade Wall |
| 8:33 | Build | Palisade Wall |
| 8:37 | Build | Palisade Wall |
| 8:48 | Age | Feudal Age |
| 8:51 | Research | Man-at-Arms (upgrade) |
| 8:57 | Build | Palisade Wall |
| 8:58 | Queue | Villager (Male) |
| 9:03 | Build | Palisade Wall |
| 9:16 | Build | Archery Range |
| 9:30 | Queue | Villager (Male) |
| 9:32 | Build | Farm |
| 9:50 | Build | House |
| 9:52 | Queue | Villager (Male) |
| 10:15 | Queue | Villager (Male) |
| 10:21 | Build | Farm |
| 10:25 | Build | Palisade Wall |
| 10:26 | Build | Palisade Wall |
| 10:27 | Build | House |
| 10:30 | Queue | Archer |
| 10:34 | Queue | Villager (Male) |
| 10:39 | Research | Double-Bit Axe |
| 10:52 | Queue | Villager (Male) |
| 10:53 | Build | Farm |
| 11:02 | Queue | Archer |
| 11:14 | Queue | Archer |
| 11:25 | Build | Farm |
| 11:27 | Queue | Villager (Male) |
| 11:27 | Queue | Villager (Male) |
| 11:28 | Build | Farm |
| 11:39 | Build | Farm |
| 11:55 | Queue | Archer |
| 12:05 | Queue | Villager (Male) |
| 12:17 | Build | Farm |
| 12:21 | Build | Farm |
| 12:25 | Queue | Villager (Male) |
| 12:35 | Build | House |
| 12:37 | Build | Blacksmith |
| 12:38 | Build | Palisade Wall |
| 12:40 | Queue | Archer |
| 12:51 | Queue | Villager (Male) |
| 13:01 | Build | Farm |
| 13:12 | Build | House |
| 13:14 | Build | Palisade Wall |
| 13:18 | Queue | Villager (Male) |
| 13:27 | Build | House |
| 13:28 | Queue | Archer |
| 13:38 | Queue | Villager (Male) |
| 13:41 | Research | Fletching |
| 13:42 | Research | Fletching |
| 13:45 | Build | House |
| 13:48 | Build | Palisade Wall |
| 13:53 | Queue | Villager (Male) |
| 14:05 | Build | Lumber Camp |
| 14:07 | Build | Palisade Wall |
| 14:11 | Queue | Villager (Male) |
| 14:17 | Build | Farm |
| 14:18 | Queue | Skirmisher |
| 14:28 | Queue | Militia |
| 14:37 | Queue | Skirmisher |
| 14:40 | Queue | Villager (Male) |
| 14:48 | Queue | Skirmisher |
| 15:00 | Build | House |
| 15:01 | Build | Palisade Wall |
| 15:05 | Queue | Skirmisher |
| 15:27 | Queue | Villager (Male) |
| 15:32 | Queue | Skirmisher |
| 15:39 | Queue | Skirmisher |
| 15:42 | Build | Farm |
| 15:47 | Queue | Skirmisher |
| 15:57 | Queue | Villager (Male) |
| 15:57 | Queue | Villager (Male) |
| 16:05 | Build | Palisade Gate |
| 16:15 | Queue | Skirmisher |
| 16:16 | Queue | Villager (Male) |
| 16:38 | Build | Farm |
| 16:39 | Build | Farm |
| 16:42 | Build | Farm |
| 16:46 | Queue | Villager (Male) |
| 16:55 | Build | Farm |
| 17:05 | Build | Farm |
| 17:06 | Research | Horse Collar |
| 17:07 | Research | Horse Collar |
| 17:07 | Research | Horse Collar |
| 17:07 | Queue | Villager (Male) |
| 17:21 | Build | Farm |
| 17:27 | Research | Wheelbarrow |
| 17:33 | Build | Farm |
| 17:40 | Queue | Skirmisher |
| 17:51 | Build | Farm |
| 17:54 | Build | Farm |
| 18:03 | Queue | Skirmisher |
| 18:27 | Queue | Skirmisher |
| 18:52 | Build | Stable |
| 18:53 | Queue | Skirmisher |
| 18:57 | Queue | Villager (Male) |
| 19:06 | Build | Farm |
| 19:22 | Build | Farm |
| 19:23 | Queue | Villager (Male) |
| 19:24 | Build | Farm |
| 19:35 | Build | House |
| 19:37 | Build | House |
| 19:48 | Research | Castle Age |
| 20:08 | Build | Palisade Gate |
| 20:09 | Queue | Scout Cavalry |
| 20:13 | Build | Palisade Wall |
| 20:13 | Build | Palisade Wall |
| 20:19 | Research | Gold Mining |
| 20:19 | Research | Gold Mining |
| 20:43 | Research | Bloodlines |
| 20:43 | Research | Bloodlines |
Match timeline
| 5:06 | TAG_Sitaux · first_building Barracks |
| 5:26 | wR.ACCM · first_building Barracks |
| 7:26 | TAG_Sitaux · wall_segment Palisade Wall x7 |
| 7:34 | TAG_Sitaux · wall_segment Palisade Wall x7 |
| 7:54 | TAG_Sitaux · wall_segment Palisade Wall x1 |
| 7:54 | wR.ACCM · wall_segment Palisade Wall x1 |
| 7:55 | TAG_Sitaux · wall_segment Palisade Wall x1 |
| 8:27 | TAG_Sitaux · wall_segment Palisade Wall x4 |
| 8:33 | TAG_Sitaux · wall_segment Palisade Wall x1 |
| 8:33 | TAG_Sitaux · wall_segment Palisade Wall x1 |
| 8:37 | TAG_Sitaux · wall_segment Palisade Wall x6 |
| 8:48 | TAG_Sitaux · age_up feudal |
| 8:50 | wR.ACCM · age_up feudal |
| 8:57 | TAG_Sitaux · wall_segment Palisade Wall x1 |
| 8:59 | wR.ACCM · first_building Archery Range |
| 9:03 | TAG_Sitaux · wall_segment Palisade Wall x1 |
| 9:16 | TAG_Sitaux · first_building Archery Range |
| 10:14 | wR.ACCM · wall_segment Palisade Wall x1 |
| 10:15 | wR.ACCM · wall_segment Palisade Wall x1 |
| 10:25 | wR.ACCM · wall_segment Palisade Wall x1 |
| 10:25 | TAG_Sitaux · wall_segment Palisade Wall x1 |
| 10:26 | TAG_Sitaux · wall_segment Palisade Wall x1 |
| 10:26 | wR.ACCM · wall_segment Palisade Wall x1 |
| 12:38 | TAG_Sitaux · wall_segment Palisade Wall x2 |
| 13:14 | TAG_Sitaux · wall_segment Palisade Wall x4 |
| 13:48 | TAG_Sitaux · wall_segment Palisade Wall x8 |
| 14:07 | TAG_Sitaux · wall_segment Palisade Wall x1 |
| 15:01 | TAG_Sitaux · wall_segment Palisade Wall x1 |
| 18:37 | wR.ACCM · first_market_sell 500 stone |
| 18:37 | wR.ACCM · first_market_buy 100 food |
| 18:52 | TAG_Sitaux · first_building Stable |
| 20:13 | TAG_Sitaux · wall_segment Palisade Wall x1 |
| 20:13 | TAG_Sitaux · wall_segment Palisade Wall x1 |
| 21:14 | TAG_Sitaux · wall_segment Palisade Wall x5 |
| 21:37 | wR.ACCM · age_up castle |
| 22:28 | TAG_Sitaux · age_up castle |
| 22:38 | TAG_Sitaux · wall_segment Palisade Wall x2 |
| 22:48 | TAG_Sitaux · wall_segment Palisade Wall x1 |
| 22:50 | TAG_Sitaux · wall_segment Palisade Wall x1 |
| 23:02 | wR.ACCM · first_building Monastery |
| 23:14 | wR.ACCM · wall_segment Palisade Wall x3 |
| 23:15 | wR.ACCM · wall_segment Palisade Wall x1 |
| 23:20 | wR.ACCM · wall_segment Palisade Wall x3 |
| 23:21 | TAG_Sitaux · wall_segment Palisade Wall x1 |
| 24:16 | wR.ACCM · wall_segment Palisade Wall x1 |
| 24:46 | wR.ACCM · wall_segment Palisade Wall x1 |
| 24:53 | wR.ACCM · wall_segment Palisade Wall x1 |
| 24:57 | wR.ACCM · wall_segment Palisade Wall x1 |
| 25:23 | wR.ACCM · wall_segment Palisade Wall x1 |
| 25:29 | TAG_Sitaux · first_building Monastery |
| 27:16 | wR.ACCM · wall_segment Palisade Wall x1 |
| 27:18 | wR.ACCM · wall_segment Palisade Wall x1 |
| 27:19 | wR.ACCM · wall_segment Palisade Wall x1 |
| 28:06 | wR.ACCM · wall_segment Palisade Wall x1 |
| 31:37 | TAG_Sitaux · first_market_buy 100 food |
| 32:23 | wR.ACCM · wall_segment Palisade Wall x1 |
| 32:48 | TAG_Sitaux · wall_segment Palisade Wall x1 |
| 33:37 | wR.ACCM · first_building Siege Workshop |
| 34:39 | TAG_Sitaux · first_building Castle |
| 39:05 | wR.ACCM · resign |
[ AI ANALYSIS · 1 CREDIT ]
What really happened in this match?
Wolo.gg analyzes every decision: build order, eco, micro, common mistakes by bracket. Personalized analysis on WhatsApp or Discord in 30 seconds.
Civ guide
Tupi
Perfil
Jugador #347269